Map: Rhoskallian LE

Players

StaltosS

  • Race: Protoss Protoss
  • Spawn Location: 6:00

Zergatul

  • Race: Protoss Protoss
  • League: Diamond
  • Spawn Location: 5:00

Massa - Winner!

  • Race: Terran Terran
  • League: Platinum
  • Spawn Location: 12:00

qqq - Winner!

  • Race: Zerg Zerg
  • Spawn Location: 11:00

VOD

Have the link to the VOD?

Description

Time

  • Played on: March 15, 2021, 5:11 p.m.
  • Length: 22:49
Show
View Real Time Build Order
Export as new Build Order

StaltosS Protoss 

Build Orders: 1 Gate Expand 

Get SALT Encoding   

  12  0:00  Probe  
  13  0:13  Probe  
  14  0:25  Probe  
  14  0:28  Pylon  
  15  0:31  Assimilator  
  15  0:46  Probe  
  16  0:50  Gateway  
  16  0:58  Probe  
  17  1:10  Probe  
  18  1:27  Nexus  
  18  1:34  Probe  
  19  1:45  Cybernetics Core  
  19  1:47  Assimilator  
  19  1:51  Probe  
  20  2:03  Probe  
  20  2:16  Probe  
  20  2:17  Pylon  
  20  2:21  Warp Gate (Chrono Boost)  
  21  2:28  Probe  
  22  2:37  Gateway  
  22  2:39  Gateway  
  22  2:42  Probe  
  23  2:45  Probe  
  23  2:49  Stargate  
  23  2:51  Stargate  
  24  2:56  Probe  
  25  2:59  Probe  
  25  3:03  Assimilator  
  26  3:09  Probe  
  26  3:11  Probe  
  28  3:19  Pylon  
  28  3:27  Void Ray  
  28  3:31  Probe x2  
  34  3:38  Void Ray (Chrono Boost)  
  38  3:44  Probe  
  38  3:47  Probe  
  40  3:56  Assimilator  
  40  3:57  Probe  
  40  3:59  Probe  
  42  4:05  Void Ray (Chrono Boost)  
  42  4:11  Probe x2  
  42  4:15  Void Ray (Chrono Boost)  
  48  4:23  Probe  
  53  4:32  Shield Battery  
  53  4:33  Probe  
  54  4:40  Pylon  
  54  4:49  Fleet Beacon  
  54  4:59  Pylon  
  41  5:50  Pylon  
  41  5:52  Phoenix x2  
  41  6:08  Pylon  
  41  6:09  Probe x2 (Chrono Boost)  
  41  6:19  Probe x2 (Chrono Boost)  
  41  6:20  Phoenix x2  
  41  6:24  Probe x2 (Chrono Boost)  
  47  6:35  Pylon  
  47  6:36  Flux Vanes  
  47  6:44  Probe x2  
  49  6:47  Void Ray  
  53  7:09  Void Ray  
  53  7:14  Probe x2  
  59  7:30  Phoenix  
  59  7:33  Anion Pulse-Crystals (Chrono Boost)  
  59  7:34  Probe x2 (Chrono Boost)  
  65  7:45  Probe x2 (Chrono Boost)  
  65  7:50  Probe x2 (Chrono Boost)  
  67  8:00  Probe x2  
  67  8:19  Void Ray x2  
  45  8:48  Probe (Chrono Boost)  
  43  8:49  Probe (Chrono Boost)  
  43  8:59  Probe x2 (Chrono Boost)  
  45  9:05  Probe x2 (Chrono Boost)  
  47  9:14  Probe (Chrono Boost)  
  47  9:15  Probe (Chrono Boost)  
  49  9:19  Probe (Chrono Boost)  
  49  9:20  Probe (Chrono Boost)  
  51  9:30  Probe  
  52  9:34  Phoenix x2  
  56  9:41  Probe  
  56  9:42  Probe  
  58  9:56  Probe (Chrono Boost)  
  58  9:57  Probe (Chrono Boost)  
  60  10:06  Probe x2 (Chrono Boost)  
  62  10:11  Probe x2 (Chrono Boost)  
  56  10:37  Phoenix x2  
  60  11:02  Phoenix  
  60  11:03  Probe  
  60  11:04  Probe  
  64  11:16  Probe x2  
  64  11:18  Nexus  
  42  12:03  Void Ray (Chrono Boost)  
  42  12:04  Void Ray (Chrono Boost)  
  46  12:29  Probe x2  
  48  12:37  Probe  
  49  12:38  Void Ray (Chrono Boost)  
  49  12:41  Probe x2  
  55  12:49  Probe  
  56  12:53  Probe  
  57  13:02  Probe (Chrono Boost)  
  57  13:03  Probe (Chrono Boost)  
  60  13:07  Probe (Chrono Boost), Pylon x2  
  60  13:08  Pylon  
  60  13:11  Void Ray x2 (Chrono Boost)  
  60  13:14  Probe (Chrono Boost)  
  60  13:15  Probe (Chrono Boost)  
  60  13:19  Probe (Chrono Boost)  
  71  13:22  Probe (Chrono Boost)  
  71  13:23  Probe (Chrono Boost)  
  73  13:29  Shield Battery  
  73  13:30  Shield Battery  
  73  13:32  Shield Battery x2  
  73  13:47  Phoenix (Chrono Boost)  
  73  13:48  Phoenix (Chrono Boost)  
  35  14:43  Phoenix x2 (Chrono Boost)  
  39  14:52  Probe x2  
  41  14:59  Carrier x2 (Chrono Boost)  
  41  15:04  Probe x2  
  55  15:09  Nexus  
  55  15:43  Void Ray x2 (Chrono Boost)  
  55  15:45  Pylon  
  63  15:59  Probe x2  
  65  16:11  Probe  
  66  16:19  Phoenix (Chrono Boost)  
  70  16:27  Phoenix (Chrono Boost)  
  70  16:36  Phoenix (Chrono Boost)  
  74  16:50  Phoenix (Chrono Boost)  
  74  16:53  Phoenix (Chrono Boost)  
  64  17:14  Phoenix (Chrono Boost)  
  64  17:15  Phoenix (Chrono Boost)  
  39  17:38  Phoenix x2 (Chrono Boost)  
  40  17:50  Void Ray (Chrono Boost)  
  40  17:51  Void Ray (Chrono Boost)  
  44  18:04  Stargate  
  36  18:07  Assimilator  
  35  18:12  Assimilator  
  29  18:39  Probe  
  29  18:40  Probe x2  
  32  18:52  Probe x3  
  35  19:04  Probe x3  
  38  19:17  Gateway  
  38  19:20  Gateway  
  38  19:22  Gateway  
  30  19:38  Void Ray  
  30  20:01  Probe  
  30  20:02  Probe x2  
  30  20:06  Void Ray  
  33  20:11  Assimilator  
  33  20:14  Probe x3  
  40  20:21  Zealot x3  
  40  20:25  Pylon  
  40  20:27  Pylon  
  46  20:37  Nexus  
  46  20:38  Pylon  
  46  20:40  Twilight Council  
  46  20:42  Pylon  
  46  20:49  Zealot  
  36  21:09  Stalker x2  
  40  21:22  Probe  
  40  21:23  Probe  
  40  21:42  Zealot x3  
  46  21:55  Gateway  
  11  22:34  Zealot x3  
Show
View Real Time Build Order
Export as new Build Order

Zergatul Protoss 

Build Orders: 1 Gate Expand, Colossus Rush 

Get SALT Encoding   

  12  0:13  Probe (Chrono Boost), Pylon  
  14  0:22  Probe (Chrono Boost)  
  14  0:27  Probe (Chrono Boost)  
  15  0:38  Gateway  
  15  0:41  Probe  
  16  0:54  Probe  
  17  1:06  Probe  
  18  1:18  Probe  
  19  1:26  Nexus  
  19  1:35  Cybernetics Core  
  19  1:37  Probe  
  20  1:44  Pylon  
  20  1:52  Assimilator  
  20  1:55  Assimilator  
  20  1:59  Probe (Chrono Boost)  
  21  2:11  Probe (Chrono Boost), Forge  
  22  2:21  Adept (Chrono Boost)  
  22  2:25  Probe  
  25  2:33  Warp Gate  
  25  2:37  Probe (Chrono Boost)  
  26  2:44  Photon Cannon  
  26  2:51  Probe (Chrono Boost)  
  27  2:59  Photon Cannon  
  27  3:03  Shield Battery  
  27  3:13  Robotics Facility  
  27  3:16  Probe (Chrono Boost)  
  28  3:25  Robotics Facility  
  28  3:28  Probe (Chrono Boost)  
  28  3:31  Sentry  
  32  3:36  Probe (Chrono Boost)  
  32  3:37  Probe (Chrono Boost)  
  33  3:45  Probe (Chrono Boost)  
  33  3:46  Assimilator  
  35  3:49  Probe (Chrono Boost)  
  35  3:50  Assimilator  
  35  3:54  Probe (Chrono Boost)  
  36  3:57  Probe (Chrono Boost)  
  37  4:03  Robotics Bay  
  37  4:05  Probe  
  37  4:08  Probe (Chrono Boost)  
  39  4:17  Probe (Chrono Boost)  
  41  4:26  Probe (Chrono Boost), Pylon  
  41  4:27  Observer x2  
  41  4:28  Probe (Chrono Boost)  
  44  4:33  Probe x2 (Chrono Boost)  
  46  4:44  Probe x2, Pylon  
  48  4:47  Pylon  
  48  4:49  Colossus (Chrono Boost)  
  54  5:02  Probe x2  
  54  5:05  Adept  
  54  5:06  Photon Cannon  
  54  5:09  Shield Battery  
  57  5:20  Disruptor (Chrono Boost), Extended Thermal Lance  
  57  5:21  Probe  
  57  5:23  Probe  
  59  5:34  Probe  
  59  5:35  Probe  
  61  5:46  Probe  
  62  5:59  Pylon  
  62  6:01  Pylon  
  62  6:10  Probe x2  
  62  6:17  Colossus  
  66  6:22  Probe  
  66  6:24  Pylon  
  66  6:25  Gateway, Pylon  
  67  6:27  Gateway  
  67  6:29  Colossus, Gateway  
  67  6:31  Pylon  
  73  6:34  Probe  
  74  6:43  Probe  
  74  6:46  Probe, Protoss Ground Weapons Level 1 (Chrono Boost)  
  76  6:55  Pylon  
  76  6:57  Nexus  
  76  6:59  Probe x2, Pylon  
  76  7:00  Gravitic Boosters (Chrono Boost)  
  78  7:11  Observer, Probe (Chrono Boost)  
  78  7:12  Probe (Chrono Boost)  
  78  7:14  Photon Cannon  
  81  7:20  Cybernetics Core  
  82  7:23  Probe (Chrono Boost)  
  82  7:24  Observer  
  82  7:25  Forge  
  82  7:26  Pylon  
  82  7:27  Photon Cannon  
  82  7:29  Probe (Chrono Boost)  
  84  7:32  Photon Cannon  
  84  7:33  Probe (Chrono Boost)  
  86  7:39  Observer  
  86  7:41  Probe (Chrono Boost)  
  87  7:45  Observer, Photon Cannon  
  87  7:48  Probe (Chrono Boost)  
  87  7:49  Assimilator  
  89  7:53  Assimilator  
  89  7:56  Pylon  
  87  8:00  Observer, Pylon x2  
  87  8:04  Pylon  
  88  8:17  Probe x2  
  88  8:19  Stalker x3  
  96  8:33  Pylon  
  96  8:36  Pylon x2  
  96  8:40  Probe (Chrono Boost)  
  99  8:42  Probe x2 (Chrono Boost)  
  99  8:47  Probe (Chrono Boost)  
  98  8:49  Probe (Chrono Boost)  
  98  8:50  Probe (Chrono Boost)  
  98  9:00  Probe x2  
  98  9:01  Probe  
  105  9:10  Immortal  
  105  9:11  Observer  
  105  9:12  Probe (Chrono Boost)  
  105  9:16  Twilight Council  
  107  9:17  Probe (Chrono Boost)  
  107  9:18  Shield Battery  
  107  9:21  Pylon  
  107  9:22  Nexus  
  107  9:23  Probe (Chrono Boost)  
  109  9:24  Probe (Chrono Boost)  
  109  9:25  Pylon  
  109  9:27  Probe (Chrono Boost)  
  109  9:28  Probe (Chrono Boost), Pylon  
  111  9:31  Probe  
  111  9:37  Probe  
  116  9:38  Immortal  
  116  9:39  Probe  
  117  9:49  Probe x2, Immortal  
  117  9:52  Blink (Chrono Boost)  
  123  9:54  Photon Cannon  
  123  9:56  Templar Archives  
  123  9:57  Photon Cannon  
  123  9:59  Shield Battery  
  123  10:00  Forge  
  123  10:03  Forge  
  123  10:08  Probe x2  
  123  10:10  Protoss Ground Weapons Level 2 (Chrono Boost)  
  125  10:17  Colossus  
  125  10:30  Disruptor  
  107  10:41  High Templar x3  
  109  10:43  Probe  
  109  10:44  Probe  
  109  10:46  Archon  
  105  11:04  Disruptor (Chrono Boost)  
  105  11:08  Psionic Storm  
  105  11:10  Photon Cannon  
  108  11:11  Colossus (Chrono Boost)  
  108  11:13  Probe x3, Photon Cannon x2  
  108  11:16  Photon Cannon  
  108  11:18  Photon Cannon, Protoss Ground Armor Level 1 (Chrono Boost)  
  117  11:19  Shield Battery  
  117  11:22  Probe, Shield Battery x2  
  117  11:24  Assimilator  
  119  11:25  Probe  
  119  11:29  Colossus (Chrono Boost)  
  125  11:43  Assimilator  
  125  11:49  Colossus (Chrono Boost)  
  124  12:10  High Templar x3  
  127  12:16  Immortal  
  127  12:17  Archon  
  127  12:18  Protoss Shields Level 1  
  131  12:25  Probe x3  
  131  12:27  Nexus  
  134  12:30  Pylon  
  134  12:34  Pylon  
  134  12:42  Immortal  
  126  12:47  Stalker x3  
  125  12:55  Immortal  
  129  12:59  Probe x2  
  131  13:08  Gateway x2, Protoss Ground Weapons Level 3  
  131  13:11  Photon Cannon  
  131  13:12  Gateway  
  131  13:13  Photon Cannon  
  131  13:15  Probe (Chrono Boost), Gateway, Photon Cannon  
  131  13:17  Gateway  
  131  13:18  Probe (Chrono Boost), Photon Cannon  
  131  13:19  Probe (Chrono Boost), Shield Battery  
  135  13:20  Probe (Chrono Boost), Protoss Ground Armor Level 2  
  135  13:21  High Templar x3, Immortal (Chrono Boost)  
  135  13:22  Shield Battery  
  135  13:23  Gateway  
  135  13:25  Gateway, Assimilator  
  145  13:30  Assimilator  
  145  13:32  Photon Cannon  
  145  13:34  Pylon, Immortal (Chrono Boost)  
  145  13:35  Archon  
  144  13:46  Probe (Chrono Boost)  
  149  13:49  Probe x4 (Chrono Boost)  
  146  13:56  Robotics Facility  
  146  13:57  Probe x2 (Chrono Boost)  
  146  13:58  Observer (Chrono Boost)  
  146  13:59  Robotics Facility  
  148  14:05  Observer (Chrono Boost)  
  148  14:07  Stalker x5  
  152  14:11  Disruptor  
  141  14:24  Disruptor (Chrono Boost)  
  144  14:33  Stalker x6  
  144  14:34  Stalker x4  
  164  14:49  Probe x2  
  165  14:54  Probe  
  165  14:55  Probe  
  165  14:57  Observer (Chrono Boost)  
  165  14:58  Observer (Chrono Boost)  
  170  15:00  Observer (Chrono Boost)  
  170  15:01  Protoss Shields Level 2  
  170  15:02  Pylon  
  170  15:03  Observer (Chrono Boost)  
  171  15:07  Pylon  
  171  15:08  Probe x2  
  171  15:10  Gateway, High Templar x3, Immortal (Chrono Boost)  
  171  15:11  Zealot x3  
  171  15:12  Gateway, Zealot  
  191  15:17  Immortal  
  195  15:21  Pylon  
  195  15:24  Pylon  
  194  15:34  Photon Cannon  
  194  15:35  Photon Cannon x2  
  194  15:36  Photon Cannon  
  194  15:40  Shield Battery  
  190  15:43  Zealot x3  
  190  15:44  Zealot x4  
  192  15:59  Archon x2  
  184  16:10  Probe (Chrono Boost)  
  186  16:19  Probe (Chrono Boost)  
  186  16:22  Photon Cannon  
  186  16:23  High Templar x6  
  186  16:24  High Templar  
  186  16:25  Pylon  
  200  16:29  Observer, Pylon  
  200  16:30  Pylon  
  200  16:32  Pylon  
  200  16:45  Archon  
  200  16:46  Archon x2, Pylon  
  200  16:47  Pylon  
  200  16:48  Pylon  
  195  17:15  Stalker x5  
  173  17:16  Stalker x5  
  173  17:17  Stalker x2  
  188  17:23  Photon Cannon  
  188  17:25  Photon Cannon  
  136  17:52  Charge (Chrono Boost)  
  136  17:55  Zealot x5  
  136  17:56  Zealot  
  147  18:14  Probe  
  147  18:20  Photon Cannon, Stalker x2  
  147  18:21  Nexus, Stalker x4  
  147  18:22  Stalker  
  147  18:23  Assimilator  
  147  18:24  Photon Cannon, High Templar  
  147  18:25  High Templar  
  165  18:28  Pylon, Assimilator  
  165  18:31  Pylon  
  165  18:32  Pylon  
  165  18:33  High Templar x3  
  144  19:04  High Templar x5  
  144  19:05  High Templar x2  
  144  19:06  Zealot x3  
  160  19:15  Archon x3  
  158  19:17  Archon x2  
  158  19:23  Stalker x2  
  130  19:43  Probe (Chrono Boost)  
  128  19:49  Probe x2 (Chrono Boost)  
  128  19:50  Probe (Chrono Boost)  
  125  19:53  Probe (Chrono Boost)  
  125  19:57  Probe x2 (Chrono Boost)  
  127  20:05  Observer x2  
  127  20:06  Observer  
  130  20:17  Nexus  
  118  20:34  Zealot x2  
  118  20:35  Zealot x2  
  126  20:51  Observer, Assimilator  
  126  20:54  Observer  
  126  21:04  Stalker  
  126  21:05  Stalker x3  
  126  21:07  High Templar x2  
  138  21:24  Nexus  
  137  21:36  Pylon  
  137  21:37  High Templar  
  137  21:38  High Templar, Zealot  
  143  21:50  Dark Shrine  
  139  22:03  Stalker  
  139  22:04  Stalker x3  
  139  22:05  Stalker  
  85  22:34  Stalker x3  
  85  22:35  Stalker x3  
Show
View Real Time Build Order
Export as new Build Order

Massa Terran - Winner!

Build Orders: 2 Factory 

Get SALT Encoding   

  12  0:00  SCV  
  13  0:12  SCV  
  14  0:23  Supply Depot  
  14  0:24  SCV  
  15  0:44  SCV  
  15  0:46  Barracks  
  16  0:52  Refinery  
  16  0:57  SCV  
  17  1:09  SCV  
  18  1:21  SCV  
  19  1:32  Refinery  
  19  1:34  Orbital Command  
  19  1:51  Command Center  
  19  2:03  SCV  
  20  2:10  Supply Depot  
  20  2:19  Factory  
  20  2:26  SCV  
  21  2:38  Barracks Reactor, Factory  
  21  2:42  SCV  
  22  2:51  Barracks Tech Lab  
  22  2:54  SCV  
  23  3:05  Orbital Command  
  23  3:07  Supply Depot  
  23  3:16  Barracks Tech Lab  
  23  3:17  Cyclone  
  26  3:29  Mag-Field Accelerator  
  26  3:41  Cyclone  
  29  3:42  Barracks Tech Lab  
  29  3:50  Cyclone  
  29  3:52  SCV x2  
  34  4:01  Engineering Bay  
  34  4:04  SCV  
  34  4:07  Supply Depot  
  35  4:11  SCV  
  35  4:13  Cyclone  
  39  4:17  SCV  
  39  4:23  SCV  
  40  4:24  Cyclone  
  40  4:28  Missile Turret  
  40  4:29  SCV  
  44  4:35  SCV  
  44  4:36  Barracks Tech Lab  
  45  4:45  Cyclone  
  45  5:22  Cyclone x2  
  48  5:42  SCV x2  
  50  5:49  Barracks  
  50  5:50  Barracks  
  50  5:54  SCV x2, Barracks, Cyclone  
  52  6:06  SCV  
  47  6:22  Cyclone  
  50  6:27  Cyclone, SCV x2  
  50  6:30  Refinery x2  
  55  6:33  Terran Infantry Weapons Level 1  
  55  6:36  Supply Depot x2  
  55  6:37  Supply Depot x2  
  55  6:38  Supply Depot  
  55  6:39  Barracks Tech Lab, Missile Turret, SCV  
  56  6:42  Marine  
  56  6:43  Marine x2  
  59  6:50  SCV  
  59  6:51  SCV  
  61  6:59  Missile Turret  
  61  7:00  Marine x3  
  64  7:02  SCV  
  65  7:18  Marine x3  
  65  7:22  Missile Turret  
  68  7:36  Marine  
  69  7:39  Siege Tank x2  
  69  7:41  Barracks Tech Lab  
  69  7:42  Marine x2  
  77  7:53  Marine  
  78  8:00  Marine x2  
  80  8:11  Siege Tank x2  
  84  8:15  Marauder  
  84  8:18  Marine x2  
  73  8:21  Combat Shield  
  73  8:22  Barracks Reactor  
  72  8:31  SCV  
  72  8:32  SCV  
  74  8:34  Barracks  
  74  8:36  Marine x2  
  74  8:37  Barracks, Marauder, Command Center, Stimpack  
  74  8:40  Concussive Shells  
  78  8:43  SCV  
  78  8:44  SCV  
  80  8:50  Armory, Engineering Bay  
  80  8:53  Terran Infantry Armor Level 1, Marine  
  80  8:54  Marine  
  80  8:55  SCV  
  83  8:56  SCV  
  83  8:58  Marauder  
  86  9:07  SCV  
  86  9:08  SCV, Marine x2  
  90  9:12  Marauder x2  
  94  9:17  Starport  
  94  9:19  Marine  
  95  9:26  Marine x2  
  97  9:33  Marine x2  
  97  9:37  Marine  
  100  9:43  Marine  
  100  9:44  Marine  
  102  9:49  Barracks Reactor, Barracks Tech Lab  
  102  9:50  Orbital Command, Marine  
  102  9:51  Marine  
  104  9:55  Marine  
  105  10:03  Starport Reactor  
  105  10:10  Terran Infantry Weapons Level 2  
  105  10:14  Starport  
  105  10:15  Refinery, SCV  
  105  10:16  Refinery, SCV x2  
  105  10:18  Starport  
  108  10:27  SCV  
  108  10:28  SCV x2  
  86  10:39  SCV  
  86  10:40  SCV x2  
  86  10:42  Siege Tank x2  
  84  10:51  SCV  
  65  11:06  Marauder  
  65  11:07  Marauder x3, Marine  
  65  11:08  Marine x3  
  77  11:14  Siege Tank x2  
  77  11:15  SCV x3  
  86  11:19  Command Center  
  86  11:25  Marine x4  
  87  11:27  SCV x2  
  87  11:28  Terran Infantry Armor Level 2, SCV, Marauder x3, Marine  
  87  11:30  Terran Vehicle And Ship Armor Level 1  
  100  11:38  Medivac x2  
  100  11:39  SCV  
  106  11:40  SCV  
  106  11:43  Marine x4  
  106  11:45  Marine  
  106  11:46  Siege Tank x2  
  117  11:49  Marine  
  109  11:59  Marauder x2  
  108  12:04  Marauder  
  108  12:07  Marauder  
  112  12:13  Medivac x2  
  116  12:22  Marine  
  117  12:30  Marine x3, Siege Tank  
  117  12:31  Marauder x4  
  124  12:40  Marine  
  119  12:48  Marine x3  
  122  12:51  Marine x3  
  113  13:04  Medivac x2  
  112  13:06  Marauder, Marine  
  112  13:07  Marine x3  
  112  13:10  Marauder x3  
  112  13:12  SCV x2  
  126  13:13  SCV  
  127  13:24  SCV x2, Marine  
  127  13:25  SCV, Marine  
  132  13:31  Supply Depot  
  132  13:32  Supply Depot x2  
  132  13:33  Supply Depot  
  132  13:34  Starport Tech Lab, Supply Depot  
  132  13:35  Supply Depot  
  132  13:36  Planetary Fortress  
  132  13:40  Missile Turret  
  132  13:43  Missile Turret x2  
  132  13:48  Missile Turret  
  132  13:52  SCV x3, Marine x5  
  128  14:05  SCV  
  112  14:15  Marauder  
  112  14:16  Marauder x3, Marine x4  
  111  14:18  SCV x3  
  111  14:19  SCV  
  111  14:22  Siege Tank x2  
  108  14:28  Viking x4  
  108  14:29  Terran Infantry Weapons Level 3  
  108  14:30  Terran Infantry Armor Level 3  
  112  14:31  Terran Vehicle And Ship Armor Level 2  
  112  14:34  Marine x3  
  112  14:37  Marauder x3  
  121  14:41  Smart Servos  
  121  14:43  Drilling Claws  
  121  14:54  Siege Tank x2  
  121  14:58  Viking x2  
  131  15:06  Command Center  
  131  15:12  Marauder x4, Marine  
  131  15:13  Marine x3  
  143  15:14  Refinery  
  143  15:20  Refinery  
  143  15:26  Siege Tank x2  
  149  15:30  Marine  
  149  15:31  Marine x3  
  149  15:33  Marauder x3, Marine  
  154  15:48  Marine x4  
  145  16:01  Marauder  
  145  16:02  Marauder x3  
  151  16:07  Siege Tank x2  
  151  16:10  Medivac  
  153  16:23  Marauder x3  
  159  16:36  Missile Turret  
  159  16:37  Planetary Fortress  
  159  16:39  Siege Tank x2  
  165  16:56  Missile Turret  
  90  17:51  Marauder x3, Marine  
  90  17:52  Marauder, Marine x3  
  90  17:57  Command Center  
  100  18:09  Marine, Command Center  
  100  18:10  Marine x3  
  106  18:12  Marauder  
  106  18:13  Marauder x3  
  106  18:14  Medivac x4  
  106  18:18  Siege Tank x2  
  126  18:27  Marine  
  126  18:34  Marauder x4  
  132  18:44  Medivac  
  134  18:50  Marine, Siege Tank x2  
  134  18:51  Marine x3  
  134  18:55  Marauder  
  139  18:56  Marauder x3  
  135  19:08  Marine x2  
  135  19:09  Marine x2  
  139  19:16  Marine x2  
  139  19:17  Marauder, Marine  
  132  19:22  Siege Tank x2  
  136  19:26  Marine x4  
  136  19:28  Medivac x4  
  144  19:34  Marine x2  
  144  19:38  Marauder x2  
  91  19:53  Marauder x2  
  91  19:58  Medivac  
  91  19:59  Marauder x2, Command Center  
  97  20:07  Thor x2  
  97  20:09  Command Center  
  109  20:35  Marauder x4, Marine  
  110  20:36  Marine x3  
  114  20:50  Thor x2  
  114  20:53  Marine x3  
  114  20:54  Marine  
  114  20:56  Marauder x4  
  118  21:11  Marine x2  
  120  21:33  Siege Tank x2  
  120  21:38  Planetary Fortress  
  126  21:40  SCV  
  126  21:41  SCV x3  
  130  21:52  SCV  
  130  21:53  SCV x3  
  134  22:05  Thor, Siege Tank  
  124  22:29  Command Center  
Show
View Real Time Build Order
Export as new Build Order

qqq Zerg - Winner!

Build Orders: Hatch First 

Get SALT Encoding   

  12  0:00  Drone  
  13  0:09  Drone  
  14  0:54  Hatchery, Drone  
  14  0:57  Overlord  
  14  1:14  Extractor, Spawning Pool  
  14  1:18  Drone  
  13  1:23  Drone  
  13  1:24  Drone  
  15  1:34  Drone  
  16  1:40  Drone  
  17  1:52  Drone  
  18  2:01  Drone  
  18  2:02  Queen  
  21  2:09  Drone  
  21  2:13  Drone  
  23  2:21  Queen  
  25  2:27  Metabolic Boost  
  25  2:36  Drone, Evolution Chamber  
  25  2:41  Drone  
  26  2:47  Overlord  
  26  2:51  Drone  
  26  2:54  Drone  
  28  3:03  Zerg Melee Weapons Level 1  
  28  3:12  Drone x2  
  30  3:14  Drone  
  30  3:16  Drone  
  30  3:17  Drone  
  30  3:19  Zergling x2  
  34  3:24  Overlord  
  34  3:33  Zergling x4  
  36  3:35  Overlord  
  36  3:39  Overlord  
  36  3:45  Spore Crawler  
  36  3:46  Zergling x2  
  36  3:49  Zergling x2  
  36  3:51  Zergling x2  
  36  3:54  Zergling x2  
  39  3:55  Zergling x2  
  39  4:02  Zergling x2  
  41  4:06  Drone, Zergling x2  
  41  4:07  Zergling x2  
  44  4:18  Zergling x4  
  46  4:27  Zergling x4  
  48  4:35  Zergling x4  
  48  4:36  Drone, Zergling x2  
  52  4:40  Drone  
  52  4:41  Zergling x2  
  52  4:42  Hatchery  
  53  4:47  Drone, Zergling x2  
  55  4:57  Zerg Ground Armor Level 1  
  53  5:06  Zergling x2  
  54  5:07  Zergling x6  
  54  5:11  Zergling x6  
  57  5:27  Zergling x6  
  45  5:50  Zergling x10  
  45  5:51  Zergling x4  
  45  5:54  Zergling x6  
  54  5:59  Zergling x4  
  53  6:08  Zergling x2  
  53  6:09  Zergling x4  
  54  6:11  Lair  
  54  6:13  Queen  
  54  6:14  Drone x2  
  54  6:15  Zergling x2  
  55  6:18  Extractor  
  55  6:23  Queen, Spore Crawler  
  55  6:28  Drone x3  
  55  6:30  Overlord x2  
  58  6:37  Drone, Extractor, Spore Crawler  
  58  6:38  Extractor, Overlord  
  56  6:40  Drone  
  56  6:45  Drone  
  58  6:53  Spore Crawler  
  57  6:54  Drone x2  
  57  6:55  Drone  
  60  7:09  Drone x2  
  60  7:10  Drone x5  
  67  7:27  Drone x3  
  70  7:30  Spire  
  69  7:48  Drone x3  
  69  7:49  Drone x3  
  75  7:53  Extractor  
  75  7:54  Extractor  
  73  7:59  Hatchery  
  73  8:00  Drone x2  
  73  8:01  Drone x3  
  73  8:02  Drone  
  78  8:27  Drone  
  78  8:28  Drone x3  
  78  8:29  Overlord x2  
  78  8:30  Overlord  
  71  8:51  Mutalisk x3  
  71  8:52  Mutalisk x7  
  86  8:56  Zerg Flyer Weapons Level 1  
  86  9:00  Infestation Pit  
  86  9:01  Spore Crawler  
  84  9:14  Drone x3  
  87  9:20  Corruptor x3  
  93  9:25  Drone x2  
  93  9:26  Drone  
  93  9:28  Corruptor  
  97  9:37  Corruptor  
  97  9:38  Corruptor  
  99  9:41  Spore Crawler  
  99  9:44  Spore Crawler  
  99  9:45  Overseer  
  99  9:46  Pneumatized Carapace  
  99  9:52  Drone x2  
  101  9:53  Corruptor  
  101  9:57  Zergling x4  
  101  9:58  Zergling x2  
  106  10:00  Overlord x2  
  100  10:31  Mutalisk x4, Corruptor x2  
  100  10:33  Zergling x6  
  100  10:34  Zergling x4  
  99  10:50  Zerg Flyer Armor Level 1  
  99  10:53  Mutalisk x3  
  105  11:03  Drone x2  
  105  11:04  Drone  
  104  11:06  Hatchery  
  104  11:10  Corruptor  
  105  11:12  Drone x3  
  108  11:20  Drone x3, Overlord  
  108  11:21  Drone x2  
  113  11:28  Overlord x3  
  111  11:37  Mutalisk x3  
  106  11:47  Spine Crawler  
  106  11:52  Spore Crawler  
  106  11:53  Corruptor x2  
  106  11:54  Corruptor x2  
  100  12:04  Corruptor  
  81  12:23  Mutalisk x3  
  81  12:25  Drone x2, Zergling x4  
  81  12:26  Drone x4  
  92  12:32  Drone  
  93  12:38  Mutalisk x2  
  97  12:44  Zerg Flyer Weapons Level 2  
  97  12:50  Hatchery, Spore Crawler  
  95  13:00  Mutalisk, Hive  
  95  13:01  Mutalisk  
  95  13:02  Mutalisk  
  101  13:08  Hatchery, Queen  
  102  13:16  Mutalisk x2  
  102  13:17  Zergling x8  
  110  13:21  Drone x2  
  111  13:43  Mutalisk x4, Queen  
  111  13:47  Drone x2  
  123  14:02  Hatchery  
  122  14:04  Mutalisk x2, Corruptor  
  122  14:05  Corruptor  
  121  14:27  Mutalisk x3  
  121  14:29  Zergling x4  
  121  14:30  Drone x7  
  124  14:42  Mutalisk x2  
  124  14:43  Drone x4  
  132  14:46  Extractor, Spore Crawler  
  132  14:47  Extractor  
  132  14:49  Spore Crawler  
  132  14:50  Drone x3  
  131  14:53  Extractor  
  131  14:58  Spore Crawler  
  129  15:00  Zerg Flyer Armor Level 2  
  129  15:01  Spine Crawler  
  129  15:06  Mutalisk  
  129  15:07  Corruptor  
  128  15:08  Drone x3  
  128  15:09  Drone x2  
  128  15:10  Overlord  
  129  15:43  Mutalisk x3, Zergling x6  
  129  15:44  Zergling x6  
  133  16:00  Mutalisk x4  
  133  16:01  Zergling x4, Overlord x3  
  133  16:02  Zergling x8  
  133  16:03  Drone x3, Zergling x4  
  152  16:13  Spore Crawler  
  152  16:14  Drone x6  
  152  16:16  Extractor  
  156  16:19  Corruptor  
  156  16:23  Mutalisk, Zergling x6  
  163  16:39  Viper  
  160  16:41  Viper  
  160  16:43  Zergling x4  
  160  16:44  Zergling x14  
  160  16:45  Zergling x2  
  157  17:22  Mutalisk x2  
  149  17:23  Mutalisk x4  
  153  17:34  Mutalisk  
  153  17:35  Mutalisk x2, Corruptor x2  
  158  17:51  Mutalisk x3  
  158  17:53  Zergling x22  
  158  17:54  Zergling x8  
  175  18:10  Zergling x4, Corruptor x2  
  175  18:11  Corruptor x2  
  165  18:33  Mutalisk  
  165  18:34  Mutalisk x4  
  161  18:35  Zergling x10  
  161  18:36  Zergling x8  
  170  18:51  Mutalisk x4  
  170  18:52  Zergling x6  
  170  18:53  Zergling x6  
  182  19:08  Zergling x2  
  182  19:09  Zergling x12  
  189  19:13  Greater Spire  
  177  19:24  Extractor  
  177  19:25  Extractor  
  152  19:36  Mutalisk  
  152  19:37  Mutalisk x6  
  151  19:38  Zergling x6  
  151  19:39  Zergling x10  
  153  19:47  Zergling x6  
  156  20:01  Mutalisk x3  
  156  20:02  Zergling x10  
  167  20:09  Evolution Chamber  
  167  20:10  Evolution Chamber  
  167  20:12  Ultralisk Cavern  
  134  20:29  Mutalisk x4  
  134  20:31  Zergling x16  
  134  20:32  Zergling x2  
  151  20:44  Mutalisk x3, Zergling x12  
  151  20:45  Mutalisk  
  161  21:09  Mutalisk x3  
  161  21:10  Corruptor x3  
  170  21:20  Brood Lord  
  170  21:21  Brood Lord  
  174  21:30  Brood Lord  
  173  21:43  Corruptor x4  
  177  22:20  Brood Lord  
  177  22:21  Brood Lord x5  
  185  22:23  Zergling x12  
Tags
 
Add a new tag
Caveats
  • Supply blocks, unpowered buildings, or Contaminate may cause inaccurate times.
  • Supply counts are checked every 10 seconds.